 Dungeon Crawl Stone Soup version 0.18.1-50-g88ac8fd (webtiles) character file.

8117 varam the Grappler (level 11, -6/80 HPs)
             Began as a Demonspawn Chaos Knight on Oct 8, 2016.
             Killed from afar by a gargoyle (21 damage)
             ... with a stone arrow
             ... on level 11 of the Dungeon.
             The game lasted 00:41:32 (8804 turns).

varam the Grappler (Demonspawn Chaos Knight)        Turns: 8804, Time: 00:41:33

Health: -6/80      AC: 19    Str: 14    XL:     11   Next: 5%
Magic:  0/11       EV:  5    Int: 15    God:    Xom [....*.]
Gold:   489        SH:  0    Dex: 13    Spells: 0 memorised, 10 levels left

rFire  x . .     SeeInvis .     a - +1 hand axe (venom)
rCold  . . .     Gourm    .     u - +9 plate armour "Koanaq" {+Inv rF- rN+ Stlth+}
rNeg   + . .     Faith    .     (no shield)
rPois  .         Spirit   +     (helmet restricted)
rElec  .         Dismiss  .     (no cloak)
rCorr  .         Reflect  .     N - +0 pair of gloves (curse)
SustAt +         Harm     .     (no boots)
MR     .....                    B - amulet of rage
Stlth  ..........               (no ring)
                                Q - ring of sustain attributes

@: exhausted, slowed, very slow, not resistant to hostile enchantments,
extremely unstealthy
A: claws 1, horns 2, talons 2, camouflage 1, blurry vision 1, deformed body,
spiny 3, magic shield, magic regeneration
a: Renounce Religion, Evoke Berserk Rage, Evoke Invisibility


You were on level 11 of the Dungeon.
You worshipped Xom.
You were a beloved toy of Xom.
You were not hungry.

You visited 1 branch of the dungeon, and saw 11 of its levels.

You collected 489 gold pieces.

Inventory:

Hand Weapons
 a - a +1 hand axe of venom (weapon)
 t - a +1 war axe
Missiles
 M - 10 tomahawks (quivered)
Armour
 l - the +0 scale mail of Woseda {rPois SInv}
   (You found it on level 10 of the Dungeon)

   It protects you from poison.
   It lets you see invisible.
 u - the +9 plate armour "Koanaq" (worn) {+Inv rF- rN+ Stlth+}
   (You found it on level 4 of the Dungeon)

   It makes you vulnerable to fire.
   It protects you from negative energy.
   It lets you turn invisible.
   It makes you more stealthy.
 N - a cursed +0 pair of gloves (worn)
Jewellery
 o - a +2 amulet of reflection
 B - an amulet of rage (around neck)
 Q - a ring of sustain attributes (left hand)
Wands
 z - a wand of digging (17/24)
 A - a wand of iceblast (8/15)
 D - a wand of disintegration (15/24)
 E - a wand of polymorph (5/24)
 F - a wand of teleportation (5/9)
 U - a wand of flame (27/48)
Scrolls
 c - 6 scrolls of remove curse
 e - 4 scrolls of teleportation
 f - 5 scrolls of identify
 h - 2 scrolls of enchant weapon
 j - a scroll of magic mapping {unknown}
 n - 4 scrolls of immolation {unknown}
 p - 7 scrolls of recharging
 q - 5 scrolls of enchant armour
 s - 2 scrolls of noise {unknown}
 y - 4 scrolls of fog {unknown}
 I - a scroll of amnesia {unknown}
 K - a scroll of summoning {unknown}
 O - a scroll of fear {unknown}
 R - a scroll of blinking {unknown}
Potions
 d - 2 potions of agility {unknown}
 i - 2 potions of cancellation
 r - 2 potions of lignification {unknown}
 v - a potion of mutation {unknown}
 C - a potion of beneficial mutation {unknown}
 H - 2 potions of heal wounds {unknown}
 J - a potion of might {unknown}
 L - a potion of curing
 S - a potion of resistance {unknown}
 V - a potion of degeneration {unknown}
Books
 P - a book of Clouds

   Spells                             Type                      Level
   a - Mephitic Cloud                 Conjuration/Poison/Air       3
   b - Conjure Flame                  Conjuration/Fire             3
   c - Poisonous Cloud                Conjuration/Poison/Air       6
   d - Freezing Cloud                 Conjuration/Ice/Air          6
   e - Ring of Flames                 Charms/Fire                  7
 W - a Fen Folio

   Spells                             Type                      Level
   a - Corpse Rot                     Necromancy                   2
   b - Stone Arrow                    Conjuration/Earth            3
   c - Leda's Liquefaction            Hexes/Earth                  4
   d - Summon Forest                  Summoning/Translocation      5
   e - Hydra Form                     Transmutation                6
   f - Summon Hydra                   Summoning                    7
 X - a book of Unlife

   Spells                             Type                      Level
   a - Recall                         Summoning/Translocation      3
   b - Animate Dead                   Necromancy                   4
   c - Control Undead                 Necromancy                   4
   d - Cigotuvi's Embrace             Necromancy                   5
   e - Death Channel                  Necromancy                   6
   f - Simulacrum                     Ice/Necromancy               6
 Y - a book of Dreams

   Spells                             Type                      Level
   a - Ensorcelled Hibernation        Hexes/Ice                    2
   b - Silence                        Hexes/Air                    5
   c - Darkness                       Hexes                        6
   d - Shadow Creatures               Summoning                    6
Miscellaneous
 m - a fan of gales
Comestibles
 b - 7 bread rations
 g - 3 beef jerkies
 k - 5 meat rations
 w - a royal jelly
 x - 3 slices of pizza
 T - 24 fruits


   Skills:
 - Level 5.4 Fighting
 + Level 8.6 Armour
 - Level 2.7 Dodging
 * Level 12.3 Unarmed Combat


You had 10 spell levels left.
You didn't know any spells.

Dungeon Overview and Level Annotations

Branches:
Dungeon (11/15)            Temple (0/1) D:7            Lair (0/8) D:10
    Orc: D:9-12

Altars:
Elyvilon
Fedhas
Gozag
Makhleb
Nemelex Xobeh
Okawaru
Qazlal
Ru
Trog
Vehumet
Xom
Zin

Shops:
D:10 (*[?

Annotations:
D:11 exclusion: orange crystal statue


Innate Abilities, Weirdness & Mutations

You have sharp fingernails.
You have a pair of horns on your head.
You have razor-sharp toenails.
You are completely covered in sharp spines.
When hurt, damage is shared between your health and your magic reserves.
You regenerate magic rapidly.
Your skin changes colour to match your surroundings (Stealth).
Scrolls take you a little longer to read.
Armour fits poorly on your strangely shaped body.


Message History

The gargoyle is moderately damaged.
The gargoyle hits you with a flail!
* * * LOW HITPOINT WARNING * * *
The gargoyle is struck by your spines.
The gargoyle hits you but does no damage.
You hit the gargoyle but do no damage. Your kick misses the gargoyle.
The gargoyle is heavily damaged.
The gargoyle is struck by your spines.
The gargoyle hits you but does no damage.
You hit the gargoyle but do no damage.
You claw the gargoyle, but do no damage.
The gargoyle is heavily damaged.
The gargoyle is struck by your spines.
The gargoyle hits you but does no damage. x2
You hit the gargoyle but do no damage.
The gargoyle is almost destroyed.
The gargoyle hits you but does no damage.
The gargoyle hurls a stone arrow at you.
The stone arrow hits you!
You die...

#[# #..# .#### ##.## #..#
...... #(..###..#
###...... ##.<......#
#....8..8 ...))[....#
#........
#.#.#.#.#.#######..8.....
............9.((.........
#.#.#.##########9........
......# #@..8.....
###.### #.#....... ###)#
#.#...8..8 ..).#
#.##...... .#### #.#
.#.... .# #.# ###..# ..
... ... .## #.. ## o#


You could see a gargoyle.

Vanquished Creatures
  A hydra (D:11)
  A hill giant (D:11)
  An ugly thing (D:11)
  A manticore (D:11)
  2 cyclopes (D:11)
  3 trolls
  4 yaks (D:9)
  A vampire (D:10)
  A hungry ghost (D:8)
  2 hippogriffs (D:10)
  A sky beast (D:7)
  3 ice beasts
  5 orc warriors
  2 black bears
  2 phantoms
  2 ogres
  5 centaurs
  A crocodile (D:9)
  2 big kobolds (D:8)
  A giant frog (shapeshifter) (D:8)
  A scorpion (D:11)
  14 killer bees
  3 crimson imps
  A jelly (D:8)
  2 giant frog skeletons (D:7)
  6 orc priests
  5 hounds
  7 orc wizards
  An iguana (D:9)
  7 worker ants
  2 hound skeletons (D:6)
  A worker ant zombie (D:7)
  9 adders
  A howler monkey skeleton (D:9)
  An ooze (D:2)
  2 adder zombies
  An adder skeleton (D:4)
  A worm (D:3)
  3 dart slugs
  4 giant geckos
  49 orcs
  11 bats
  4 giant cockroaches
  6 goblins
  8 hobgoblins
  7 jackals
  2 quokkas (D:8)
  A ball python (D:2)
  A giant gecko skeleton (D:5)
  A giant gecko zombie (D:5)
  A giant newt (D:7)
  10 kobolds
  5 rats
219 creatures vanquished.

Vanquished Creatures (collateral kills)
  An adder (D:2)
  A giant gecko (D:2)
  A goblin (D:2)
  A bat (D:2)
4 creatures vanquished.

Vanquished Creatures (others)
  A crimson imp (D:5)
  An adder (D:7)
  A fire vortex (D:7)
3 creatures vanquished.

Grand Total: 226 creatures vanquished

Notes
Turn   | Place    | Note
--------------------------------------------------------------
     0 | D:1      | varam the Demonspawn Chaos Knight began the quest for the Orb.
     0 | D:1      | Reached XP level 1. HP: 18/18 MP: 1/1
   141 | D:1      | XOM: divination: detect items
   236 | D:1      | Reached skill level 3 in Unarmed Combat
   273 | D:1      | Reached skill level 1 in Dodging
   309 | D:1      | Gained mutation: You have sharp fingernails. [demonic ancestry]
   309 | D:1      | Reached XP level 2. HP: 24/24 MP: 2/2
   474 | D:1      | XOM: give mutations
   474 | D:1      | Gained mutation: Your skin changes colour to match your surroundings (Stealth). [Xom's grace]
   474 | D:1      | Gained mutation: You have a pair of small horns on your head. [Xom's grace]
   474 | D:1      | Gained mutation: You have a pair of horns on your head. [Xom's grace]
   474 | D:1      | Gained mutation: You are agile. (Dex +2) [Xom's grace]
   785 | D:1      | XOM: god gift: fan of gales
   917 | D:2      | Gained mutation: You have a pair of large horns on your head. [demonic ancestry]
   917 | D:2      | Reached XP level 3. HP: 14/29 MP: 3/3
  1011 | D:2      | XOM: god gift: 10 arrows
  1504 | D:3      | Gained mutation: You are partially covered in sharp spines. [demonic ancestry]
  1504 | D:3      | Reached XP level 4. HP: 17/35 MP: 4/4
  1545 | D:3      | XOM: scenery: 1 doors open
  1814 | D:3      | XOM: enchant monster (bad)
  1871 | D:3      | XOM: mild Trmt miscast
  2021 | D:3      | Gained mutation: You are mostly covered in sharp spines. [demonic ancestry]
  2021 | D:3      | Reached XP level 5. HP: 24/42 MP: 5/5
  2403 | D:4      | XOM: harmless Fire miscast
  2426 | D:4      | Noticed a centaur
  2426 | D:4      | XOM: chaos upgrade
  2444 | D:4      | XOM: butterfly on damage
  2452 | D:4      | XOM: potion effect (heal wounds)
  2459 | D:4      | Killed a centaur
  2459 | D:4      | Reached skill level 4 in Unarmed Combat
  2459 | D:4      | Gained mutation: When hurt, damage is shared between your health and your magic reserves. [demonic ancestry]
  2459 | D:4      | Reached XP level 6. HP: 29/48 MP: 6/6
  2597 | D:4      | Got a distressingly furry plate armour
  2625 | D:4      | Identified the +9 plate armour "Koanaq" {+Inv rF- rN+ Stlth+} (You found it on level 4 of the Dungeon)
  2841 | D:4      | XOM: colour smoke trail
  3204 | D:5      | XOM: noise
  3204 | D:5      | Entered Level 5 of the Dungeon
  3221 | D:5      | XOM: noise
  3243 | D:5      | XOM: medium Air miscast
  3377 | D:5      | XOM: harmless Summ miscast
  3423 | D:5      | Noticed a sky beast
  3482 | D:6      | XOM: confuse monster(s)
  3496 | D:6      | Reached skill level 5 in Unarmed Combat
  3496 | D:6      | Gained mutation: You regenerate magic rapidly. [demonic ancestry]
  3496 | D:6      | Reached XP level 7. HP: 43/55 MP: 7/7
  3501 | D:6      | Got a twisted robe
  3512 | D:6      | Identified the +0 robe of Vivviq {Regen+ Int+3 Dex-4 Slay+3} (You found it on level 6 of the Dungeon)
  3618 | D:6      | XOM: enchant monster (good)
  3620 | D:7      | XOM: summons 6 friendly demons
  3735 | D:7      | XOM: confuse monster(s)
  3931 | D:7      | Reached skill level 5 in Fighting
  3931 | D:7      | Reached skill level 6 in Unarmed Combat
  3937 | D:7      | Found a burning altar of Makhleb.
  3940 | D:7      | Noticed a blizzard demon
  3944 | D:7      | Found a glowing silver altar of Zin.
  3944 | D:7      | Noticed an angel
  4081 | D:7      | XOM: harmless Summ miscast
  4122 | D:7      | Found a staircase to the Ecumenical Temple.
  4181 | D:7      | XOM is BORED!
  4181 | D:7      | XOM: mild Fire miscast
  4390 | D:6      | Mutation became permanent: You have a pair of large horns on your head. [demonic ancestry]
  4390 | D:6      | Reached XP level 8. HP: 62/62 MP: 8/8
  4569 | D:6      | Found a white marble altar of Elyvilon.
  4597 | D:6      | Found a sparkling altar of Nemelex Xobeh.
  4597 | D:6      | Found an iron altar of Okawaru.
  4789 | D:8      | XOM: stat loss: -1 Int (14/15)
  4801 | D:8      | Reached skill level 7 in Unarmed Combat
  4805 | D:8      | Noticed Psyche
  4812 | D:8      | Psyche changed into Psyche the wolf
  4812 | D:8      | XOM: polymorph Psyche -> Psyche the wolf
  4828 | D:8      | Found a bloodstained altar of Trog.
  4844 | D:8      | Found a radiant altar of Vehumet.
  4860 | D:8      | Reached skill level 5 in Armour
  5053 | D:8      | XOM: scenery: create altars
  5061 | D:8      | XOM: divination: detect items
  5212 | D:8      | Reached skill level 8 in Unarmed Combat
  5326 | D:8      | Gained mutation: You are completely covered in sharp spines. [demonic ancestry]
  5326 | D:8      | Reached XP level 9. HP: 68/68 MP: 9/9
  5339 | D:8      | XOM: harmless Summ miscast
  5721 | D:9      | Found a stormy altar of Qazlal.
  5731 | D:9      | Found a blossoming altar of Fedhas.
  5750 | D:9      | Noticed a troll
  5754 | D:9      | XOM: potion effect (haste)
  5756 | D:9      | XOM: harmless Trmt miscast
  5768 | D:9      | Killed a troll
  5882 | D:9      | Reached skill level 9 in Unarmed Combat
  5952 | D:9      | XOM: confuse monster(s)
  5997 | D:9      | Reached skill level 10 in Unarmed Combat
  6262 | D:9      | XOM: vitrification
  6280 | D:9      | XOM: mild Hex miscast
  6327 | D:9      | Found a sacrificial altar of Ru.
  6622 | D:10     | Entered Level 10 of the Dungeon
  6650 | D:10     | Found Keeth's Armour Boutique.
  6656 | D:10     | Found an opulent altar of Gozag.
  6660 | D:10     | Found Gozag's Platinum Reserve.
  6732 | D:10     | Found Zitrywn's Weapon Emporium.
  6770 | D:10     | XOM: harmless Erth miscast
  6858 | D:10     | XOM: mild Divn miscast
  6934 | D:10     | Found a staircase to the Lair.
  7112 | D:10     | Found Syuluum's Magic Scroll Boutique.
  7131 | D:10     | Gained mutation: You have sharp toenails. [demonic ancestry]
  7131 | D:10     | Reached XP level 10. HP: 74/74 MP: 10/10
  7141 | D:10     | XOM: confusion
  7142 | D:10     | XOM: scenery: 1 doors open
  7177 | D:10     | Found a stormy altar of Qazlal.
  7246 | D:10     | Got a pitted scale mail
  7257 | D:10     | Identified the cursed +0 scale mail of Woseda {rPois SInv} (You found it on level 10 of the Dungeon)
  7430 | D:11     | Noticed an orange crystal statue
  7433 | D:11     | Noticed a manticore
  7810 | D:11     | XOM: 2-stop teleportation journey
  7813 | D:11     | Noticed a manticore
  7820 | D:11     | Killed a manticore
  7820 | D:11     | Reached skill level 11 in Unarmed Combat
  7863 | D:11     | XOM: vitrification
  7875 | D:11     | Noticed a hill giant
  7884 | D:11     | XOM: swap monsters
  7894 | D:11     | XOM: confuse monster(s)
  7903 | D:11     | Killed a hill giant
  8013 | D:11     | Found a shimmering altar of Xom.
  8113 | D:11     | Noticed a cyclops
  8119 | D:11     | Noticed a cyclops
  8119 | D:11     | Killed a cyclops
  8131 | D:11     | XOM: confuse monster(s)
  8132 | D:11     | XOM: summons 3 friendly demons
  8479 | D:11     | Killed a cyclops
  8479 | D:11     | Reached skill level 12 in Unarmed Combat
  8508 | D:11     | Noticed a four-headed hydra
  8529 | D:11     | XOM is BORED!
  8529 | D:11     | XOM: give mutations
  8529 | D:11     | Lost mutation: You are agile. (Dex +2) [Xom's mischief]
  8529 | D:11     | Gained mutation: Scrolls take you a little longer to read. [Xom's mischief]
  8529 | D:11     | Gained mutation: Armour fits poorly on your strangely shaped body. [Xom's mischief]
  8529 | D:11     | Lost mutation: You have a pair of large horns on your head. [Xom's mischief]
  8599 | D:11     | XOM: summons 1 hostile demon
  8777 | D:11     | Noticed a white ugly thing
  8781 | D:11     | XOM: summons 2 friendly demons
  8787 | D:11     | Killed a white ugly thing
  8796 | D:11     | Killed an eight-headed hydra
  8796 | D:11     | Gained mutation: You have razor-sharp toenails. [demonic ancestry]
  8796 | D:11     | Reached XP level 11. HP: 17/80 MP: 5/11
  8804 | D:11     | Killed from afar by a gargoyle

Skill      XL: |  1  2  3  4  5  6  7  8  9 10 |
---------------+-------------------------------+-----
Unarmed Combat | 3 4 5 6 8 10 12 | 12.3
Dodging        | 1 2 |  2.7
Armour         | 2 3 4 5 7 8 |  8.6
Fighting       | 4 5 |  5.4

Action                   |  1- 3 |  4- 6 |  7- 9 | 10-12 || total
-------------------------+-------+-------+-------+-------++-------
Melee: Unarmed           |    95 |     9 |       |       ||   104
       Headbutt          |     9 |    18 |    27 |    26 ||    80
       War axe           |       |    86 |    88 |       ||   174
       Punch             |       |       |     5 |     3 ||     8
       Hand axe          |       |       |    63 |    94 ||   157
       Kick              |       |       |       |    37 ||    37
 Abil: Evoke Berserk Rag |       |       |     3 |     4 ||     7
Evoke: Fan of gales      |     1 |       |       |       ||     1
  Use: Potion            |     3 |       |       |     2 ||     5
       Scroll            |       |     5 |     1 |     4 ||    10
 Stab: Sleeping          |     2 |     4 |       |       ||     6
       Distracted        |       |     2 |       |       ||     2
       Confused          |       |     1 |       |     2 ||     3
  Eat: Chunk             |     2 |     3 |    14 |     5 ||    24
       Bread ration      |       |     1 |       |     1 ||     2
       Beef jerky        |       |       |     1 |       ||     1
Armor: Leather armour    |    44 |     9 |       |       ||    53
       Plate armour      |       |    29 |   142 |    87 ||   258
Dodge: Dodged            |    70 |    28 |    42 |    36 ||   176
Block: Buckler           |    25 |     4 |       |       ||    29
